 Dungeon Crawl Stone Soup version 0.21.1-1-g345015f (webtiles) character file.

35 Lapis the Digger (level 3, -6/28 HPs)
             Began as a Naga Earth Elementalist on Feb 12, 2018.
             Mangled by a worm (11 damage)
             ... on level 2 of the Dungeon.
             The game lasted 00:02:05 (1406 turns).

Lapis the Digger (Naga Earth Elementalist)          Turns: 1406, Time: 00:02:06

Health: -6/28      AC:  2    Str: 10    XL:     3   Next: 33%
Magic:  6/6        EV: 10    Int: 16    God:
Gold:   28         SH:  0    Dex: 11    Spells: 1/7 levels left

rFire    . . .     SeeInvis +   g - +1 whip (flame)
rCold    . . .     Gourm    .   (no shield)
rNeg     . . .     Faith    .   c - +0 robe
rPois    +         Spirit   .   (no helmet)
rElec    .         Reflect  .   (no cloak)
rCorr    .         Harm     .   (no gloves)
MR       .....                  (no barding)
Stlth    ++........             (no amulet)
HPRegen  0.09/turn              (no ring)
MPRegen  0.10/turn              (no ring)

@: very slow
A: large, see invisible, deformed body, poison resistance, slowness 2, slow
metabolism 1, spit poison 1, AC +1
a: Spit Poison


You were on level 2 of the Dungeon.
You were not hungry.

You visited 1 branch of the dungeon, and saw 2 of its levels.

You collected 28 gold pieces.

Inventory:

Hand Weapons
 g - a +1 whip of flaming (weapon)
Missiles
 b - 54 stones (quivered)
Armour
 a - a +0 buckler
 c - a +0 robe (worn)
Scrolls
 f - 2 scrolls of magic mapping {unknown}
 h - a scroll of immolation {unknown}
 k - 2 scrolls of identify {unknown}
 m - a scroll of remove curse {unknown}
Potions
 i - 2 potions of haste {unknown}
 j - a potion of might {unknown}
Books
 e - a book of Geomancy

   Spells                             Type                      Level
   a - Sandblast                      Earth                        1
   b - Passwall                       Transmutation/Earth          2
   c - Stone Arrow                    Conjuration/Earth            3
   d - Petrify                        Transmutation/Earth          4
   e - Lee's Rapid Deconstruction     Earth                        5
Comestibles
 d - 4 rations


   Skills:
 - Level 1.5 Dodging
 - Level 3.0 Stealth
 + Level 2.5 Spellcasting
 + Level 1.0 Transmutations
 + Level 3.9 Earth Magic


You had one spell level left.
You knew the following spells:

 Your Spells              Type           Power        Failure   Level  Hunger
a - Sandblast             Erth           ##....       3%          1    #......
b - Passwall              Tmut/Erth      #.........   11%         2    ##.....
c - Stone Arrow           Conj/Erth      #.....       26%         3    ###....


Dungeon Overview and Level Annotations

Branches:
Dungeon (2/15)

Altars:


Innate Abilities, Weirdness & Mutations

You cannot wear boots.
Your serpentine skin is tough. (AC +1)
You have supernaturally acute eyesight. (SInv)
Armour fits poorly on your strangely shaped body.
Your system is resistant to poisons. (rPois)
You cover ground very slowly.
You have a slow metabolism.
You can spit poison.


Message History

The worm is severely wounded.
The worm bites you!
You are too injured to fight recklessly!
You are too injured to fight recklessly!
You are too injured to fight recklessly!
You are too injured to fight recklessly!
You are too injured to fight recklessly!
You are too injured to fight recklessly!
You are too injured to fight recklessly!
You are too injured to fight recklessly!
You barely miss the worm.
The worm is severely wounded.
You hit the worm. You burn the worm.
The worm is almost dead.
The worm bites you.
* * * LOW HITPOINT WARNING * * *
You barely miss the worm.
The worm is almost dead.
The worm bites you!
You die...

. .## ..# #.# # #
#.# .# ##+##
#.##.##.# ##...##
#.w@....#
##.....##
####..###
##.......#
##...####.........
#.......'.........
##...####..†......
###..## ##†......#
#...## ##.....##
#.### ##...##
##.###### ##'##


You could see a worm.

Vanquished Creatures
  A leopard gecko (D:1)
  5 bats
  3 giant cockroaches (D:1)
  6 goblins
  4 hobgoblins (D:1)
  4 kobolds (D:1)
  4 frilled lizards (D:1)
  4 rats (D:1)
31 creatures vanquished.

Notes
Turn   | Place    | Note
-------+----------+-------------------------------------------
     0 | D:1      | Lapis the Naga Earth Elementalist began the quest for the Orb.
     0 | D:1      | Reached XP level 1. HP: 15/15 MP: 3/3
    69 | D:1      | Reached XP level 2. HP: 1/22 MP: 0/5
   416 | D:1      | Learned a level 2 spell: Passwall
   915 | D:1      | Reached XP level 3. HP: 28/28 MP: 6/6
  1327 | D:2      | Learned a level 3 spell: Stone Arrow
  1406 | D:2      | Mangled by a worm

Action                   || total
-------------------------++-------
Melee: Unarmed           ||    11
       Whip              ||    51
 Cast: Sandblast         ||    20
 Abil: Spit Poison       ||     1
  Eat: Chunk             ||     1
Armor: Robe              ||    10
Dodge: Dodged            ||    47
